 Dungeon Crawl Stone Soup version 0.29.0-5-ge4962eb29e (webtiles) character file.

Game seed: 11370659034579845121

20 Sobieck the Cudgeller (level 2, 0/29 HPs)
             Began as an Ogre Warper on Aug 28, 2022.
             Slain by an adder (2 damage)
             ... on level 1 of the Dungeon.
             The game lasted 00:01:26 (1031 turns).

Sobieck the Cudgeller (Ogre Warper)                 Turns: 1031, Time: 00:01:26

Health: 0/29       AC:  3    Str: 12 (14) XL:     2   Next: 79%
Magic:  5/5        EV:  9    Int: 11 (14) God:
Gold:   104        SH:  0    Dex:  5 (8)  Spells: 5/5 levels left

rFire   . . .      SeeInvis .   a - +0 mace {mace}
rCold   . . .      Faith    .   (no shield)
rNeg    . . .      Spirit   .   h - +0 robe
rPois   .          Reflect  .   (helmet restricted)
rElec   .          Harm     .   (no cloak)
rCorr   .          Rampage  .   (gloves unavailable)
Will    .....                   (boots unavailable)
Stlth   +.........              (no amulet)
HPRegen 0.09/turn               (no ring)
MPRegen 0.09/turn               (no ring)

@: lethally poisoned (0 -> -6)
A: large, unfitting armour, tough skin 1
a: no special abilities


You were on level 1 of the Dungeon.
You visited 1 branch of the dungeon, and saw 2 of its levels.

You collected 104 gold pieces.


Innate Abilities, Weirdness & Mutations

You are too large for most types of armour.
You have tough skin. (AC +1)


   Skills:
 - Level 2.6 Fighting
 + Level 2.9 Maces & Flails
 - Level 1.0 Throwing
 - Level 2.1 Dodging
 - Level 2.4 Spellcasting
 - Level 2.6 Translocations


You had 5 spell levels left.
You didn't know any spells.
Your spell library contained the following spells:

 Spells                   Type           Power      Damage    Failure   Level
 Blink                    Tloc           14%        N/A       14%         2
 Gell's Gravitas          Tloc           7%         N/A       28%         3
 Lesser Beckoning         Tloc           7%         N/A       28%         3
 Teleport Other           Tloc           7%         N/A       28%         3
 Manifold Assault         Tloc           7%         N/A       95%         5

Inventory:

Hand Weapons
 a - a +0 mace (weapon) {mace}
 b - a +0 sling
   (You found it on level 1 of the Dungeon)
Missiles
 d - 7 boomerangs of dispersal {=f!fthrowing}
 e - 9 stones {throwing}
Armour
 h - a +0 robe (worn)
Scrolls
 c - 2 scrolls of blinking {!r}
 f - a scroll of immolation {unknown}
 g - a scroll of fear {unknown}
 i - a scroll of summoning {unknown}
Potions
 j - a potion of degeneration {!q@e2}
 l - a potion of brilliance {unknown}

Dungeon Overview and Level Annotations

Branches:
Dungeon (2/15) Zot: 10952

Altars:

#...# #...# #...# #...#
#...# #...# #...###...#
#.........#
##.........###############
#.........................
#.........################
#.......S@###### #..#
#..............# #...
#....).........# #...
#.......)......## #...
#...............### #...
#....^............# #...
#...............#.# #...
#...............#.## ##...
#...###########....###....


You could see an adder.


Message History

There is an open door here.
There is an escape hatch in the floor here.
Things that are here:
a +0 dagger {short}; a goblin corpse A dart slug comes into view.
Danger!
You shoot a sling bullet. The sling bullet hits the dart slug.
The dart slug launches a dart at you. The slug dart misses you.
You shoot a sling bullet.
The sling bullet hits the dart slug but does no damage.
You shoot a sling bullet. The sling bullet hits the dart slug.
The dart slug bites you.
A dart slug is nearby!
a - a +0 mace (weapon)
{mace} You hit the dart slug.
The dart slug bites you.
You hit the dart slug but do no damage. The dart slug closely misses you.
You hit the dart slug but do no damage. The dart slug launches a dart at you.
The slug dart hits you.
You hit the dart slug.
You kill the dart slug!
No target in view!
b - a +0 sling (weapon)
You now have 93 gold pieces (gained 13).
You see here a dart slug corpse.
A hobgoblin comes into view.
The hobgoblin shouts!
Danger!
You shoot a sling bullet.
The sling bullet completely misses the hobgoblin.
You shoot a sling bullet. The sling bullet hits the hobgoblin.
You shoot a sling bullet. The sling bullet hits the hobgoblin.
You kill the hobgoblin!
A goblin comes into view. It is wielding a +0 club.
The goblin shouts!
Danger!
You shoot a sling bullet.
The sling bullet barely misses the goblin.
You shoot a sling bullet. The sling bullet hits the goblin.
You kill the goblin!
No target in view!
e - 9 stones {throwing} (gained 3);
l - a purple potion You now have 104 gold pieces (gained 11).
Things that are here:
a +0 club {mace}; a goblin corpse
Things that are here:
a +0 club {mace}; a goblin corpse You open the door.
There is an open door here.
Done exploring.
Done exploring.
(D) Dungeon
Where to? (? - help)
There is a stone staircase leading down here.
You climb downwards.
Found a scroll labelled NEASIFUEWU and 6 poisoned darts.
Found a stone staircase leading down.
There is a stone staircase leading up here.
There are monsters nearby!
Danger!
Unknown command.
Unknown command.
You shoot a sling bullet.
The sling bullet completely misses the adder.
The adder hisses angrily.
The adder bites you but does no damage. The adder completely misses you.
You climb upwards.
There is a stone staircase leading down here.
Unknown command.
a - a +0 mace (weapon)
{mace} Unknown command.
You miss the adder. The adder bites you. The adder barely misses you.
You miss the adder. The adder bites you.
You are poisoned.
The adder poisons you! The adder completely misses you.
You barely miss the adder.
You feel sick. The adder bites you but does no damage.
Unknown command.
You miss the adder.
You feel sick. The adder bites you but does no damage.
The adder barely misses you.
Unknown command.
You hit the adder.
You feel sick. The adder bites you.
You are more poisoned.
The adder poisons you!
You barely miss the adder.
You feel sick. The adder bites you.
* * * LOW HITPOINT WARNING * * *
The adder bites you.
* * * LOW HITPOINT WARNING * * *
You are lethally poisoned!
The adder poisons you!
It was a potion of degeneration.
There was something very wrong with that liquid.
You feel weakened.
You feel dopey.
You feel clumsy.
* * * LOW HITPOINT WARNING * * *
You feel very sick. The adder bites you but does no damage.
It was a potion of cancellation.
You feel magically purged.
* * * LOW HITPOINT WARNING * * *
You feel sick. The adder bites you.
You die...

Skill      XL: |  1 |
---------------+----+-----
Maces & Flails | 2 |  2.9
Fighting       | |  2.6
Throwing       | |  1.0
Dodging        | |  2.1
Spellcasting   | |  2.4
Translocations | |  2.6

Action                   || total
-------------------------++-------
Melee: Mace              ||    31
 Fire: Sling             ||    32
  Use: Potion            ||     2
Armor: Robe              ||    17
Dodge: Dodged            ||    18

Levels and vault maps discovered:
D:1:      erik_arrival_orb_chamber, layout_basic, roderic_roman_lattice
D:2:      layout_basic

Notes
Turn   | Place    | Note
-------+----------+-------------------------------------------
     0 | D:1      | Sobieck the Ogre Warper began the quest for the Orb.
     0 | D:1      | Reached XP level 1. HP: 22/22 MP: 3/3
   140 | D:1      | Reached skill level 2 in Maces & Flails
   413 | D:1      | Reached XP level 2. HP: 29/29 MP: 5/5
  1019 | D:2      | Noticed a scorpion
  1029 | D:1      | HP: 7/29 [adder (4)]
  1031 | D:1      | HP: 2/29 [poisoned by an adder]
  1031 | D:1      | Slain by an adder

Vanquished Creatures
  A dart slug (D:1)
  3 endoplasms (D:1)
  4 goblins (D:1)
  A hobgoblin (D:1)
  A kobold (D:1)
  2 bats (D:1)
  5 rats (D:1)
17 creatures vanquished.

Table legend:
 A = Non-vault XP
 B = Vault XP
 C = Vault XP percentage of total XP
 D = Non-vault monster count
 E = Vault monster count
 F = Vault count percentage of total count
                 A         B        C        D         E       F
            +---------+---------+-------+---------+---------+-------
      Total |      29 |       0 |   0.0 |      17 |       0 |   0.0
            +---------+---------+-------+---------+---------+-------
        D:1 |      29 |       0 |   0.0 |      17 |       0 |   0.0
            +---------+---------+-------+---------+---------+-------

Illustrated notes

Table legend:
 A = Kills in this place as a percentage of kills in entire the game.
 B = Kills by you in this place as a percentage of kills by you in the entire game.
 C = Kills by friends in this place as a percentage of kills by friends in the entire game.
 D = Other kills in this place as a percentage of other kills in the entire game.
 E = Experience gained in this place as a percentage of experience gained in the entire game.
 F = Experience gained in this place divided by the number of levels of this place that you have seen.
                   A       B       C       D       E      F
               +-------+-------+-------+-------+-------+----------------------
         Total | 100.0 | 100.0 |   N/A |   N/A | 100.0 |  14.5
       Dungeon | 100.0 | 100.0 |   N/A |   N/A | 100.0 |  14.5
               +-------+-------+-------+-------+-------+----------------------

Table legend: (Time is in decaauts)
 A = Elapsed time spent in this place.
 B = Non-inter-level travel time spent in this place.
 C = Inter-level travel time spent in this place.
 D = Time resting spent in this place.
 E = Time spent auto-exploring this place.
 F = Levels seen in this place.
 G = Mean time per level.
                   A        B        C        D        E       F      G
               +--------+--------+--------+--------+--------+-----+--------+
         Total |   1046 |   1026 |     20 |    130 |    761 |   2 |  523.0 |
       Dungeon |   1046 |   1026 |     20 |    130 |    761 |   2 |  523.0 |
               +--------+--------+--------+--------+--------+-----+--------+

Top non-repeatable levels by time:
     D:1: 1043 daAuts
     D:2: 3 daAuts
